 Dungeon Crawl Stone Soup version 0.28.0-47-ge53b351184 (webtiles) character file.

Game seed: 15296877660319046283

5912 101zpm the Thaumaturge (level 11, -4/65 HPs)
             Began as a Djinni Fire Elementalist on May 1, 2022.
             Engulfed by a cloud of flame (7 damage)
             ... on level 9 of the Dungeon.
             The game lasted 00:32:07 (9621 turns).

101zpm the Thaumaturge (Djinni Fire Elementalist)   Turns: 9621, Time: 00:32:08

Health: -4/65      AC:  2    Str:  7    XL:     11   Next: 8%
Gold:   284        EV: 13    Int: 21    God:
                   SH:  0    Dex: 14

rFire   + + .      SeeInvis .   n - staff of earth
rCold   x . .      Faith    .   (no shield)
rNeg    . . .      Spirit   .   a - +0 robe
rPois   ∞          Reflect  .   (no helmet)
rElec   .          Harm     .   (no cloak)
rCorr   +          Rampage  .   (no gloves)
Will    +....                   (boots unavailable)
Stlth   ++........              (no amulet)
HPRegen 0.20/turn               l - ring of resist corrosion
MPRegen 0.00/turn               (no ring)

@: forested, flying
A: sickness immunity, fire resistance 2, cold vulnerability 1, float, innate
caster, HP casting, extra vitality 1
a: no special abilities


You were on level 9 of the Dungeon.
You visited 1 branch of the dungeon, and saw 9 of its levels.
You also visited: Sewer.

You collected 284 gold pieces.

Inventory:

Missiles
 q - 14 throwing nets
Armour
 a - a +0 robe (worn)
Magical Staves
 n - a staff of earth (weapon)
Jewellery
 l - a ring of resist corrosion (left hand)
Wands
 j - a wand of flame (26)
 m - a wand of iceblast (9)
 u - a wand of digging (6)
Scrolls
 b - 3 scrolls of torment
 d - 2 scrolls of teleportation {unknown}
 f - a scroll of enchant weapon {unknown}
 i - a scroll of fear {unknown}
 k - 2 scrolls of summoning {unknown}
 o - 5 scrolls of identify {unknown}
 p - 2 scrolls of enchant armour {unknown}
 s - a scroll of brand weapon {unknown}
Potions
 c - 2 potions of mutation {unknown}
 e - 2 potions of heal wounds {unknown}
 g - a potion of haste {unknown}
 h - 2 potions of might {unknown}
 r - 3 potions of degeneration {unknown}
 t - a potion of lignification {unknown}


   Skills:
 + Level 0.2 Fighting
 + Level 3.4 Dodging
 + Level 3.6 Stealth
 + Level 12.0 Spellcasting


You had 6 spell levels left.
You knew the following spells:

 Your Spells              Type           Power      Damage    Failure   Level
a - Foxfire               Conj/Fire      100%       2x1d9     1%          1
b - Scorch                Fire           100%       2d10      1%          2
c - Conjure Flame         Conj/Fire      58%        6-21      1%          3
d - Inner Flame           Hex/Fire       58%        N/A       1%          3
e - Flame Wave            Conj/Fire      58%        2d11      1%          4
f - Beastly Appendage     Tmut           100%       N/A       1%          1
g - Searing Ray           Conj           100%       2d8       1%          2
h - Lesser Beckoning      Tloc           58%        N/A       1%          3
i - Passage of Golubria   Tloc           58%        N/A       1%          4
j - Summon Forest         Summ/Tloc      29%        N/A       1%          5
Your spell library was empty.

Dungeon Overview and Level Annotations

Branches:
Dungeon (9/15)             Temple (0/1) D:5           Sewer (visited)
   Lair: D:8-11         Orc: D:9-12

Altars:
Gozag

Shops:
D:2 =   D:8 *

Annotations:
D:9 3 runed translucent doors, dangdung's ghost, journeyman OpTm


Innate Abilities, Weirdness & Mutations

You are immune to sickness and miasma.
You are immune to poison.
Your flesh is very heat resistant. (rF++)
You are vulnerable to cold. (rC-)
You float through the air rather than walking.
You learn spells naturally, not from books.
Your magical power is your life essence.
You have superior vitality. (+4 MHP)


Message History

Aiming: Inner Flame (safe; 1% risk of failure)
Press: ? - help, Dir - move target, f/p - killer bee
Aim: a killer bee (inner flame, chance to affect: 97%)
The killer bee is already burning with an inner flame!
Casting: Inner Flame (safe; 1% risk of failure)
Confirm with . or Enter, or press ? or * to list all spells.
Aiming: Inner Flame (safe; 1% risk of failure)
Press: ? - help, Dir - move target, f - killer bee, p - killer bee
Aim: a killer bee (chance to affect: 97%)
Okay, then.
You are too injured to fight recklessly!
Casting: Foxfire (safe; 1% risk of failure)
Press: ? - help, Q - select action, (/) - cycle Dir - look around, f - activate You conjure some foxfire!
* * * LOW HITPOINT WARNING * * *
The foxfire hits the killer bee.
The killer bee is moderately wounded.
Casting: Foxfire (safe; 1% risk of failure)
Confirm with . or Enter, or press ? or * to list all spells.
Aiming: Inner Flame (safe; 1% risk of failure)
Press: ? - help, Dir - move target, f - killer bee
Aim: a killer bee (steam, moderately wounded, ally target, chance to affect: 97%)
The killer bee is filled with an inner flame.
* * * LOW HITPOINT WARNING * * *
The foxfire hits the killer bee.
Flame seeps out of the killer bee.
The killer bee is heavily wounded.
The killer bee is engulfed in a cloud of scalding steam.
Flame seeps out of the killer bee.
The killer bee closely misses you.
Casting: Inner Flame (safe; 1% risk of failure)
Confirm with . or Enter, or press ? or * to list all spells.
Flames lash the killer bee.
* * * LOW HITPOINT WARNING * * *
The killer bee explodes!
The fiery explosion engulfs you! You resist.
* * * LOW HITPOINT WARNING * * *
The fiery explosion engulfs the killer bee!
Flame seeps out of the killer bee.
The killer bee is almost dead.
You are engulfed in blazing flames.
You resist.
You die...

#....#P..P..P..P#........
#....# ..P..P..P#........
#....# yP..P..P#...(....
#....# ..... #........
#....#♣#♣#§'♣♣#♣#..[.....
#.....♣.§†§.....#........
###'##♣≈§§♣.....#........
#.....≈≈§§♣.....#........
#.....≈≈@§y.....#........
#....≈≈≈§§......#........
#....≈#.≈≈...♣..#........
#.....#...♣.....#........
#.....#.........#........
#.....♣.........#........
#.....#.........#........
################### #.


You could see a killer bee (inner flame).

Vanquished Creatures
  A hornet (D:5)
  A wyvern (D:8)
  9 yaks (D:9)
  Eustachio (D:6)
  A steam dragon (D:6)
  An orc warrior (D:6)
  2 ice beasts
  2 water moccasins (D:7)
  2 black bears
  Pargi (Sewer)
  3 ogres
  2 wolves (D:8)
  A centaur (D:7)
  A phantom (D:7)
  2 kobold brigands
  2 bullfrogs (D:8)
  4 scorpions (D:5)
  4 gnoll sergeants (D:8)
  A water moccasin skeleton (D:5)
  10 killer bees (D:9)
  3 crimson imps (D:7)
  A bullfrog zombie (D:7)
  5 hounds
  A bullfrog skeleton (D:6)
  4 orc priests
  A jelly (D:6)
  An iguana (D:6)
  3 gnoll shamans (D:8)
  3 orc wizards
  A killer bee zombie (D:8)
  A hound zombie (D:5)
  A howler monkey zombie (D:8)
  A howler monkey skeleton (D:7)
  33 gnolls
  4 adders
  A shadow imp (D:6)
  An adder skeleton (D:5)
  3 worms
  8 orcs
  7 ball pythons
  2 bats
  3 giant cockroaches
  2 goblins
  3 hobgoblins
  11 jackals (D:8)
  15 kobolds
  A quokka (D:4)
  8 frilled lizards (Sewer)
  2 rats
181 creatures vanquished.

Vanquished Creatures (collateral kills)
  A queen bee (D:9)
  4 killer bees (D:9)
5 creatures vanquished.

Vanquished Creatures (others)
  An iguana (D:5)
  811 foxfires
  6 plants (D:9)
818 creatures vanquished.

Grand Total: 1004 creatures vanquished

Notes
Turn   | Place    | Note
-------+----------+-------------------------------------------
     0 | D:1      | 101zpm the Djinni Fire Elementalist began the quest for the
                  | Orb.
     0 | D:1      | Reached XP level 1. HP: 15/15 MP: 0/0
   120 | D:1      | Reached XP level 2. HP: 9/21 MP: 0/0
   282 | D:2      | Found Ricyennol's Jewellery Shoppe.
   577 | D:3      | Reached skill level 3 in Spellcasting
   690 | D:4      | Reached XP level 3. HP: 21/25 MP: 0/0
   690 | D:4      | Learned a level 1 spell: Beastly Appendage
  1146 | D:4      | Found a glowing drain.
  1155 | Sewer    | Entered a sewer
  1632 | Sewer    | Noticed Pargi
  1642 | Sewer    | Killed Pargi
  1643 | Sewer    | Reached skill level 4 in Spellcasting
  1643 | Sewer    | Reached XP level 4. HP: 17/31 MP: 0/0
  1643 | Sewer    | Reached XP level 5. HP: 19/35 MP: 0/0
  1643 | Sewer    | Learned a level 2 spell: Searing Ray
  2009 | D:5      | Entered Level 5 of the Dungeon
  2058 | D:5      | Noticed a black bear
  2063 | D:5      | Killed a black bear
  2064 | D:5      | Reached XP level 6. HP: 27/40 MP: 0/0
  2191 | D:5      | Reached skill level 5 in Spellcasting
  2359 | D:5      | Noticed a hornet
  2386 | D:5      | Reached XP level 7. HP: 37/45 MP: 0/0
  2386 | D:5      | Learned a level 3 spell: Lesser Beckoning
  2386 | D:5      | Killed a hornet
  2642 | D:5      | Reached skill level 6 in Spellcasting
  2757 | D:5      | Reached XP level 8. HP: 44/50 MP: 0/0
  3015 | D:5      | Found a staircase to the Ecumenical Temple.
  3204 | D:5      | Reached skill level 7 in Spellcasting
  3881 | D:6      | Found a sand-covered staircase.
  4096 | D:6      | Reached XP level 9. HP: 41/55 MP: 0/0
  4096 | D:6      | Learned a level 4 spell: Passage of Golubria
  4237 | D:6      | Reached skill level 8 in Spellcasting
  4311 | D:6      | Noticed Eustachio
  4338 | D:6      | Killed Eustachio
  4880 | D:6      | Reached skill level 9 in Spellcasting
  6241 | D:8      | Reached skill level 10 in Spellcasting
  6241 | D:8      | Reached XP level 10. HP: 24/60 MP: 0/0
  8090 | D:8      | Found Udury's CLEARANCE SALE!.
  8767 | D:9      | Reached skill level 11 in Spellcasting
  9320 | D:9      | Found a runed translucent gate.
  9320 | D:9      | Found a runed translucent gate.
  9321 | D:9      | Found a runed translucent gate.
  9321 | D:9      | Found an opulent altar of Gozag.
  9324 | D:9      | Noticed a four-headed hydra
  9325 | D:9      | Noticed dangdung's ghost (journeyman OpTm)
  9613 | D:9      | Reached XP level 11. HP: 44/65 MP: 0/0
  9613 | D:9      | Learned a level 5 spell: Summon Forest
  9618 | D:9      | Reached skill level 12 in Spellcasting
  9621 | D:9      | HP: 3/65 [spore (8)]
  9621 | D:9      | Engulfed by a cloud of flame

Illustrated notes

Levels and vault maps discovered:
D:1:      psy_arrival_conway, layout_basic
D:2:      layout_basic, dreamdust_ecumenical_altar_statues, serial_shops,
          nicolae_shop_hallway_plus, nicolae_shop_behind_doors, shop
D:3:      minmay_razor_zed, layout_loops_ring, nicolae_elyvilon_peaceful_grove,
          skrybe_limestone_x, hangedman_abyss_or_decor_lesser_grid,
          corexii_shack, minmay_ruptured, uniq_crazy_yiuf_cottage, uniq_robin,
          uniq_ijyb
D:4:      minmay_recursive_quarters, layout_cave_pools,
          cheibrodos_sewer_entry_drain, minmay_lizard_king
D:5:      minmay_chambers_of_fours, layout_loops_cross,
          minmay_temple_entry_sparse_star, lemuel_flamethrower_2
D:6:      layout_loops_cross, nicolae_ossuary_entry_false_entrances,
          uniq_eustachio
D:7:      layout_basic, gammafunk_ghost_nasty_kobolds, nicolae_shop_fire_sale
          [nicolae_sub_dead_trees], st_stairs_3, minmay_nine_imps, uniq_duvessa
D:8:      layout_cave_pools, serial_gnoll_camp, gnoll_camp_mini_doghouse,
          gnoll_camp_mini_basic, gnoll_camp_huts_moat, gnoll_camp_mini_basic,
          gnoll_camp_medium_02, hangedman_decor_peaks_small,
          chequers_serial_rivers_micro_a, nicolae_shop_clearance
D:9:      layout_grid_maze, ebering_ghost_gozag, nicolae_looking_at_the_future

Skill      XL: |  1  2  3  4  5  6  7  8  9 10 11 |
---------------+----------------------------------+-----
Spellcasting   | 3 4 5 6 7 10 11 12 | 12.0
Stealth        | 2 3 |  3.6
Dodging        | 3 |  3.4
Fighting       | |  0.2

Action                   |  1- 3 |  4- 6 |  7- 9 | 10-12 || total
-------------------------+-------+-------+-------+-------++-------
Melee: Staff             |       |       |    14 |       ||    14
       Headbutt          |       |       |     3 |       ||     3
 Cast: Foxfire           |    95 |    19 |   169 |   198 ||   481
       Scorch            |     5 |     8 |    23 |    10 ||    46
       Beastly Appendage |     1 |       |     3 |       ||     4
       Inner Flame       |       |     4 |    60 |    68 ||   132
       Searing Ray       |       |       |    11 |     1 ||    12
       Passage of Golubr |       |       |     1 |       ||     1
       Flame Wave        |       |       |       |     7 ||     7
       Summon Forest     |       |       |       |     1 ||     1
  Use: Scroll            |     1 |       |       |       ||     1
Armor: Robe              |     1 |       |     5 |     3 ||     9
Dodge: Dodged            |     5 |     3 |    19 |    11 ||    38
